 Dungeon Crawl Stone Soup version 0.30-a0-310-g7d6cbdfea6 (webtiles) character file.

Game seed: 9440630984375558735

436 timneilson the Shield-Bearer (level 7, -2/43 HPs)
             Began as a Gargoyle Fighter on Oct 24, 2022.
             Killed by divine providence
             ... invoked by an orc priest
              (12 damage)
             ... on level 4 of the Dungeon.
             The game lasted 00:08:28 (3076 turns).

timneilson the Shield-Bearer (Gargoyle Fighter)     Turns: 3076, Time: 00:08:29

Health: -2/43      AC: 15    Str: 21    XL:     7   Next: 1%
Magic:  7/7        EV:  9    Int: 12    God:
Gold:   188        SH:  4    Dex:  9    Spells: 6/6 levels left

rFire   . . .      SeeInvis .    a - +0 long sword (drain)
rCold   + . .      Faith    .    c - +0 buckler
rNeg    + . .      Spirit   .    j - +3 scale mail of the Okapi {Int+3}
rPois   ∞          Reflect  .    (no helmet)
rElec   +          Harm     .    (no cloak)
rCorr   .          Rampage  .    (no gloves)
Will    .....                    (no boots)
Stlth   ..........               (no amulet)
HPRegen 0.27/turn                m - ring of protection from cold
MPRegen 0.10/turn                (no ring)

@: no status effects
A: sickness immunity, AC +4, negative energy resistance 1, electricity
resistance, torment resistance 1, petrification resistance
a: no special abilities


You were on level 4 of the Dungeon.
You visited 1 branch of the dungeon, and saw 4 of its levels.

You collected 188 gold pieces.

Inventory:

Hand Weapons
 a - a +0 long sword of draining (weapon)
Armour
 c - a +0 buckler (worn)
 j - the +3 scale mail of the Okapi (worn) {Int+3}
   (You found it on level 2 of the Dungeon)

   Int:       It affects your intelligence (+3).
Jewellery
 m - a ring of protection from cold (left hand)
Wands
 o - a wand of flame (5)
Scrolls
 f - 2 scrolls of magic mapping
 h - 4 scrolls of identify
 p - a scroll of noise {unknown}
 q - a scroll of teleportation {unknown}
Potions
 b - a potion of brilliance
 d - a potion of might
 e - a potion of heal wounds
 g - a potion of attraction {unknown}
 i - 3 potions of curing
 k - 2 potions of flight
 l - 2 potions of haste
 n - a potion of magic


   Skills:
 + Level 4.2 Fighting
 * Level 3.4 Long Blades
 * Level 5.0 Armour
 + Level 1.6 Dodging
 * Level 5.1 Shields
 + Level 0.7 Evocations


You had 6 spell levels left.
You didn't know any spells.
Your spell library contained the following spells:

 Spells                   Type           Power      Damage    Failure   Level
 Necrotise                Necr           0%         1d4       73%         1
 Vampiric Draining        Necr           0%         2d6       97%         3
 Agony                    Necr           0%         N/A       100%        5


Dungeon Overview and Level Annotations

Branches:
Dungeon (4/15)
 Temple: D:4-7

Altars:
Fedhas
Vehumet
Wu Jian
The Shining One

Shops:
D:3 (

Annotations:
D:3 2 transporters, porpoise's ghost, amateur DsRe


Innate Abilities, Weirdness & Mutations

You are immune to sickness and miasma.
Your stone body is resilient. (AC +4)
You are immune to poison.
You resist negative energy. (rN+)
You are resistant to electric shocks. (rElec)
You are resistant to unholy torment.
You are immune to petrification.


Message History

The iguana bites you but does no damage.
The orc attacks as you move away! The orc hits you but does no damage.
The orc attacks as you move away! The orc hits you with a +0 dagger.
The orc priest attacks as you move away!
The orc priest hits you with a +0 hand axe.
You hit the orc priest.
The orc priest is lightly wounded.
The orc priest closely misses you.
You barely miss the orc priest.
The orc priest is lightly wounded.
The orc priest hits you but does no damage.
You closely miss the orc. The orc closely misses you.
You hit the orc. You drain the orc.
The orc is severely wounded.
The orc hits you but does no damage.
You barely miss the orc.
The orc is severely wounded.
You block the orc's attack.
You barely miss the orc.
The orc is severely wounded.
The orc priest calls down the wrath of Beogh upon you.
Beogh smites you!
* * * LOW HITPOINT WARNING * * *
The orc hits you but does no damage. x2
Unknown command.
You barely miss the orc.
The orc is severely wounded.
You block the orc's attack.
You hit the orc.
You kill the orc!
Unknown command.
You hit the iguana but do no damage. You drain the iguana.
The iguana is lightly wounded.
You block the iguana's attack.
You closely miss the iguana.
The iguana is lightly wounded.
The iguana bites you but does no damage.
The orc priest mumbles some strange prayers to Beogh against you.
Beogh smites you!
You die...

#..........
..........
#.........
#.........
##........#
##.........#
##o........##
##loo..###..#
#@###...# ## #.##
#...## #.# ##...#
#. ## #...#### #.
###.....## ##.
###........# #..
#..........###..
.............##..
.............##..


You could see an iguana (very drained), an orc priest, an orc wizard and an orc.

Vanquished Creatures
  2 phantoms (D:4)
  2 hounds
  An orc wizard (D:3)
  An iguana (D:2)
  5 adders
  2 worms (D:2)
  4 dart slugs
  9 orcs
  9 ball pythons
  8 endoplasms
  6 giant cockroaches
  9 hobgoblins
  10 jackals
  7 kobolds
  2 quokkas
  8 bats
  5 frilled lizards
  9 goblins
  3 rats
102 creatures vanquished.

Notes
Turn   | Place    | Note
-------+----------+-------------------------------------------
     0 | D:1      | timneilson the Gargoyle Fighter began the quest for the
                  | Orb.
     0 | D:1      | Reached XP level 1. HP: 14/14 MP: 1/1
    52 | D:1      | Reached XP level 2. HP: 19/19 MP: 2/2
   362 | D:1      | Reached XP level 3. HP: 23/23 MP: 3/3
   876 | D:2      | Reached XP level 4. HP: 15/28 MP: 4/4
   990 | D:2      | Identified the +3 scale mail of the Okapi {Int+3}
  1323 | D:2      | Reached skill level 1 in Dodging
  1589 | D:2      | Reached XP level 5. HP: 30/33 MP: 5/5
  1618 | D:3      | Found a glowing golden altar of the Shining One.
  1983 | D:3      | Found a radiant altar of Vehumet.
  1993 | D:3      | Found a transporter.
  2020 | D:3      | Reached XP level 6. HP: 38/38 MP: 6/6
  2031 | D:3      | Found Gaplut's Weapon Shoppe.
  2056 | D:3      | Found a transporter.
  2062 | D:3      | Noticed porpoise's ghost (amateur DsRe)
  2068 | D:3      | Found an ornate altar of the Wu Jian Council.
  2075 | D:3      | Found a blossoming altar of Fedhas.
  2841 | D:4      | Reached skill level 5 in Shields
  3026 | D:4      | Reached XP level 7. HP: 43/43 MP: 7/7
  3040 | D:4      | Reached skill level 5 in Armour
  3076 | D:4      | Killed from afar by an orc priest

Illustrated notes

Levels and vault maps discovered:
D:1:      eino_arrival_water_star, layout_basic, minmay_pentomino_q2
D:2:      layout_basic
D:3:      layout_rooms, nicolae_vehumet_altar_sigil,
          mainiacjoe_overflow_cross_hatched, grunt_temple_overflow_open,
          gammafunk_ghost_abyssal_escape, serial_shops,
          nicolae_shop_window_shopping, minmay_quadrilaterals
D:4:      layout_cave_pods, minmay_misc_feat_room

Skill      XL: |  1  2  3  4  5  6  7 |
---------------+----------------------+-----
Long Blades    | 2 3 |  3.4
Armour         | 4 5 |  5.0
Shields        | 4 5 |  5.1
Dodging        | 1 |  1.6
Fighting       | 4 |  4.2
Evocations     | |  0.7

Action                   |  1- 3 |  4- 6 |  7- 9 || total
-------------------------+-------+-------+-------++-------
Melee: Long sword        |   136 |   280 |    21 ||   437
  Use: Scroll            |     6 |     8 |       ||    14
       Potion            |       |     1 |       ||     1
Armor: Scale mail        |    67 |   209 |    16 ||   292
Dodge: Dodged            |    72 |   138 |     8 ||   218
Block: Buckler           |    35 |    50 |     6 ||    91

Table legend: (Time is in decaauts)
 A = Elapsed time spent in this place.
 B = Non-inter-level travel time spent in this place.
 C = Inter-level travel time spent in this place.
 D = Time resting spent in this place.
 E = Time spent auto-exploring this place.
 F = Levels seen in this place.
 G = Mean time per level.
                   A        B        C        D        E       F      G
               +--------+--------+--------+--------+--------+-----+--------+
         Total |   3212 |   3155 |     57 |     43 |   2035 |   4 |  803.0 |
       Dungeon |   3212 |   3155 |     57 |     43 |   2035 |   4 |  803.0 |
               +--------+--------+--------+--------+--------+-----+--------+

Top non-repeatable levels by time:
     D:3: 868 daAuts
     D:2: 826 daAuts
     D:1: 807 daAuts
     D:4: 709 daAuts
